General information
- name: BNet
- type: Ladder team game (AT/RT)
- host: Battle.net
- saver: MIKE-VIKE-NYJET
map: Cherryville
- players: 8
- length: 07:43
- speed: Fast
- version: 1.26 W3XP
- replay type: Public
» download(53 KB)
Players
team 1 (loser)
urMOMisFAT (
red | 50 APM | 361 actions | 07:12)
3 Keeper of the Grove
1 Force of Nature
2 Entangling Roots
» actions
| Assign group hotkey | 6 | |
| Build / train | 23 | |
| Enter build submenu | 9 | |
| Enter hero's abilities submenu | 3 | |
| Right click | 216 | |
| Select / deselect | 79 | |
| Select group hotkey | 5 | |
| Use ability | 20 | |
361 total
» units
» buildings
| Altar of Elders | 1 | |
| Moon Well | 3 | |
| Ancient of War | 2 | |
| Hunter's Hall | 1 | |
| Ancient of Wonders | 1 | |
| Tree of Ages | 1 | |
| Tree of Life | 1 | |
10 total
» build order
00:15 Altar of Elders
00:23 Moon Well
02:04 Ancient of War
02:07 Ancient of War
02:10 Hunter's Hall
02:15 Moon Well
02:28 Ancient of Wonders
04:09 Moon Well
05:23 Tree of Ages
06:03 Tree of Life
» items
MatomuiTomesmO (
orange | 99 APM | 719 actions | 07:14)
2 Death Knight
1 Death Coil
1 Unholy Aura
» actions
| Assign group hotkey | 26 | |
| Basic commands | 93 | |
| Build / train | 33 | |
| Enter build submenu | 10 | |
| Enter hero's abilities submenu | 2 | |
| Right click | 151 | |
| Select / deselect | 90 | |
| Select group hotkey | 281 | |
| Use ability | 33 | |
719 total
» units
| Acolyte | 12 | |
| Ghoul | 3 | |
| Crypt Fiend | 12 | |
27 total
» buildings
| Crypt | 1 | |
| Ziggurat | 4 | |
| Graveyard | 1 | |
| Altar of Darkness | 1 | |
| Tomb of Relics | 1 | |
8 total
» build order
00:06 Crypt
00:07 Ziggurat
00:39 Graveyard
00:58 Altar of Darkness
01:25 Tomb of Relics
02:00 Ziggurat
03:47 Ziggurat
05:54 Ziggurat
» items
| Rod of Necromancy | 1 | |
| Sacrificial Skull | 2 | |
3 total
55699 (
teal | 55 APM | 398 actions | 07:15)
3 Paladin
2 Holy Light
1 Devotion Aura
» actions
| Assign group hotkey | 10 | |
| Basic commands | 44 | |
| Build / train | 24 | |
| ESC pressed | 1 | |
| Enter build submenu | 12 | |
| Enter hero's abilities submenu | 3 | |
| Right click | 54 | |
| Select / deselect | 69 | |
| Select group hotkey | 156 | |
| Use ability | 25 | |
398 total
» units
» upgrades
» buildings
| Altar of Kings | 1 | |
| Farm | 7 | |
| Barracks | 1 | |
| Blacksmith | 1 | |
| Arcane Vault | 1 | |
| Keep | 1 | |
12 total
» build order
00:11 Altar of Kings
00:17 Farm
00:34 Barracks
00:43 Farm
01:37 Farm
02:16 Farm
03:17 Farm
03:57 Farm
04:39 Blacksmith
04:44 Arcane Vault
05:21 Keep
05:59 Farm

»
MIKE-VIKE-NYJET (
green | 40 APM | 309 actions | 07:43)
1 Demon Hunter
1 Evasion
» actions
| Assign group hotkey | 16 | |
| Basic commands | 7 | |
| Build / train | 21 | |
| Enter build submenu | 11 | |
| Enter hero's abilities submenu | 1 | |
| Remove unit from queue | 1 | |
| Right click | 66 | |
| Select / deselect | 99 | |
| Select group hotkey | 77 | |
| Use ability | 10 | |
309 total
» units
» upgrades
» buildings
| Moon Well | 4 | |
| Ancient of War | 2 | |
| Hunter's Hall | 1 | |
| Altar of Elders | 1 | |
8 total
» build order
00:12 Moon Well
00:52 Ancient of War
01:11 Hunter's Hall
01:45 Altar of Elders
02:02 Ancient of War
02:19 Moon Well
02:37 Moon Well
03:34 Moon Well
team 2 (winner)
Zzzain (
yellow | 80 APM | 617 actions | 07:43)
2 Priestess of the Moon
1 Searing Arrows
1 Trueshot Aura
» actions
| Assign group hotkey | 11 | |
| Basic commands | 55 | |
| Build / train | 32 | |
| Enter build submenu | 11 | |
| Enter hero's abilities submenu | 2 | |
| Right click | 229 | |
| Select / deselect | 111 | |
| Select group hotkey | 149 | |
| Use ability | 17 | |
617 total
» units
» upgrades
| Ultravision | 1 | |
| Strength of the Moon | 2 | |
| Improved Bows | 1 | |
4 total
» buildings
| Altar of Elders | 1 | |
| Moon Well | 4 | |
| Ancient of War | 1 | |
| Ancient of Wonders | 1 | |
| Hunter's Hall | 1 | |
| Tree of Ages | 1 | |
| Ancient Protector | 1 | |
| Ancient of Wind | 2 | |
| Tree of Eternity | 1 | |
13 total
» build order
00:02 Altar of Elders
00:26 Moon Well
00:50 Ancient of War
01:20 Ancient of Wonders
01:45 Moon Well
02:20 Hunter's Hall
03:28 Tree of Ages
03:51 Moon Well
04:47 Ancient Protector
06:05 Moon Well
07:17 Ancient of Wind
07:20 Ancient of Wind
07:25 Tree of Eternity
Desrame (
purple | 74 APM | 574 actions | 07:43)
2 Paladin
1 Holy Light
1 Devotion Aura
» actions
| Assign group hotkey | 9 | |
| Basic commands | 43 | |
| Build / train | 34 | |
| ESC pressed | 3 | |
| Enter build submenu | 13 | |
| Enter hero's abilities submenu | 2 | |
| Right click | 179 | |
| Select / deselect | 99 | |
| Select group hotkey | 175 | |
| Use ability | 17 | |
574 total
» units
» buildings
| Farm | 5 | |
| Blacksmith | 1 | |
| Barracks | 2 | |
| Altar of Kings | 1 | |
| Town Hall | 1 | |
| Arcane Vault | 1 | |
11 total
» build order
00:23 Farm
01:52 Blacksmith
01:56 Barracks
02:08 Barracks
02:11 Farm
02:20 Altar of Kings
02:27 Farm
02:54 Farm
03:51 Farm
05:29 Town Hall
07:09 Arcane Vault
ThroneWarrior (
pink | 32 APM | 249 actions | 07:43)
3 Death Knight
2 Death Coil
1 Unholy Aura
» actions
| Assign group hotkey | 10 | |
| Build / train | 21 | |
| Enter build submenu | 11 | |
| Enter hero's abilities submenu | 3 | |
| Right click | 78 | |
| Select / deselect | 74 | |
| Select group hotkey | 34 | |
| Use ability | 18 | |
249 total
» units
| Acolyte | 3 | |
| Ghoul | 3 | |
| Crypt Fiend | 1 | |
| Gargoyle | 4 | |
11 total
» upgrades
» buildings
| Crypt | 2 | |
| Ziggurat | 3 | |
| Graveyard | 1 | |
| Altar of Darkness | 1 | |
| Halls of the Dead | 1 | |
| Nerubian Tower | 1 | |
| Tomb of Relics | 1 | |
| Black Citadel | 1 | |
11 total
» build order
00:41 Crypt
00:51 Ziggurat
01:02 Graveyard
01:15 Altar of Darkness
02:31 Halls of the Dead
02:52 Ziggurat
02:55 Nerubian Tower
03:17 Crypt
03:27 Tomb of Relics
03:35 Ziggurat
05:38 Black Citadel
» items

»
army1987 (
blue | 45 APM | 350 actions | 07:43)
3 Death Knight
2 Death Coil
1 Unholy Aura
» actions
| Basic commands | 2 | |
| Build / train | 19 | |
| Enter build submenu | 13 | |
| Enter hero's abilities submenu | 3 | |
| Right click | 210 | |
| Select / deselect | 76 | |
| Use ability | 27 | |
350 total
» units
| Acolyte | 2 | |
| Ghoul | 5 | |
| Crypt Fiend | 4 | |
11 total
» buildings
| Altar of Darkness | 1 | |
| Ziggurat | 4 | |
| Crypt | 1 | |
| Tomb of Relics | 1 | |
| Nerubian Tower | 1 | |
| Graveyard | 2 | |
| Halls of the Dead | 1 | |
| Black Citadel | 1 | |
| Slaughterhouse | 1 | |
| Temple of the Damned | 2 | |
15 total
» build order
00:25 Altar of Darkness
00:29 Ziggurat
00:35 Crypt
01:08 Ziggurat
01:20 Tomb of Relics
01:43 Nerubian Tower
02:43 Graveyard
02:46 Graveyard
04:02 Halls of the Dead
04:34 Ziggurat
05:24 Ziggurat
06:25 Black Citadel
06:33 Slaughterhouse
07:25 Temple of the Damned
07:31 Temple of the Damned
» items
Chat log
(00:12 / Allies) MatomuiTomesmO: big rush?
(00:24 / Allies) 55699: ok for me
(00:27 / Allies) MIKE-VIKE-NYJET: from brazil
(00:28 / Allies) urMOMisFAT: im down
(00:29 / Allies) MIKE-VIKE-NYJET: jaja
(00:37 / Allies) 55699: foot
(00:46 / Allies) MatomuiTomesmO: me mass fiends and frost
(00:51 / Allies) urMOMisFAT: kotg hunts
(00:53 / Allies) urMOMisFAT: green?
(01:21 / Allies) urMOMisFAT: green units hero?
(01:23 / All) MIKE-VIKE-NYJET: does kodos_forsaken mh?
(01:28 / All) urMOMisFAT: yes
(01:32 / Allies) urMOMisFAT: hero units?
(01:40 / Allies) MIKE-VIKE-NYJET: dh hippos chimssss
(01:47 / Allies) urMOMisFAT: we rush
(01:50 / Allies) MatomuiTomesmO: rush
(01:54 / Allies) MatomuiTomesmO: mass units goggo rush
(01:55 / Allies) urMOMisFAT: dont ping
(01:55 / Allies) MatomuiTomesmO: ok
(01:56 / Allies) MatomuiTomesmO: rush
(02:09 / Allies) MIKE-VIKE-NYJET: y dont ping lol
(02:13 / Allies) MatomuiTomesmO: rush
(02:17 / Allies) MatomuiTomesmO: goggogogog
(02:19 / Allies) urMOMisFAT: hackers
(02:29 / Allies) MIKE-VIKE-NYJET: yes
(02:48 / Allies) MatomuiTomesmO: pls help me huamn for fast exp
(02:50 / Allies) MatomuiTomesmO: pls
(02:53 / Allies) MatomuiTomesmO: huaman
(02:58 / Allies) 55699: rush...
(04:16 / Allies) MIKE-VIKE-NYJET: actually
(04:21 / Allies) MIKE-VIKE-NYJET: ill be getting glaives
(04:39 / Allies) MatomuiTomesmO: invit militia for u
(06:05 / Allies) MIKE-VIKE-NYJET: we gonna hit soon?
(06:17 / Allies) urMOMisFAT: purple big time hacker btw
(06:27 / Allies) urMOMisFAT: like oj
(06:29 / Allies) MIKE-VIKE-NYJET: hit bot left?
(06:37 / Allies) urMOMisFAT: come green hit top
(06:41 / Allies) MatomuiTomesmO: tp
(06:55 / Allies) urMOMisFAT: lets all hit together
(07:02 / All) MIKE-VIKE-NYJET: TKING RED AND OJ
(07:04 / All) MIKE-VIKE-NYJET: THEY HACK LOL
(07:05 / Allies) urMOMisFAT: oh ok
(07:09 / Allies) MatomuiTomesmO: hacker
(07:13 / Allies) MatomuiTomesmO: omg
(07:19 / All) Desrame: AHAHAHA
(07:26 / All) MIKE-VIKE-NYJET: 2 hackers on my team i was obligated to do it gentlemen
(07:35 / All) Zzzain: ty